 Dungeon Crawl Stone Soup version 0.17.1-3-g152610e (webtiles) character file.

756 Zhenya25pyc the Cudgeler (level 7, -6/46 HPs)
             Began as a Gargoyle Fighter on Apr 8, 2016.
             Was a Follower of Elyvilon.
             Killed by nerve-wracking pain
             ... invoked by an orc priest
              (10 damage)
             ... on level 4 of the Dungeon.
             The game lasted 00:10:20 (4007 turns).

Zhenya25pyc the Cudgeler (Gargoyle Fighter)         Turns: 4007, Time: 00:10:20

Health: -6/46      AC: 14    Str: 21    XL:     7   Next: 79%
Magic:  7/7        EV: 10    Int:  9    God:    Elyvilon [*.....]
Gold:   190        SH:  9    Dex:  9    Spells: 0 memorised, 6 levels left

rFire  + . .     SeeInvis .     a - +0 flail
rCold  . . .     Clarity  .     A - +0 chain mail
rNeg   + . .     SustAt   .     c - +0 shield
rPois  ∞         Gourm    .     (no helmet)
rElec  +         Spirit   .     (no cloak)
rCorr  .         Warding  .     (no gloves)
rMut   .         Stasis   .     (no boots)
MR     .....                    (no amulet)
Stlth  ..........               r - +5 ring of evasion
                                l - ring of protection from fire

@: not resistant to hostile enchantments, extremely unstealthy
A: negative energy resistance 1, electricity resistance, unbreathing,
petrification resistance, rot immunity, AC +4
a: Lesser Healing, Divine Protection, Renounce Religion


You were on level 4 of the Dungeon.
You worshipped Elyvilon.
Elyvilon was aware of your devotion.
You were not hungry.

You visited 1 branch of the dungeon, and saw 4 of its levels.
You also visited: Ossuary.

You collected 190 gold pieces.

Inventory:

Hand Weapons
 a - a +0 flail (weapon)
Missiles
 o - 6 tomahawks (quivered)
Armour
 c - a +0 shield (worn)
 A - a +0 chain mail (worn)
Jewellery
 l - a ring of protection from fire (left hand)
 n - an uncursed ring of ice {unknown}
 r - a +5 ring of evasion (right hand)
Wands
 q - a wand of polymorph (10)
Scrolls
 b - a scroll of recharging {unknown}
 g - 3 scrolls of remove curse
 m - 3 scrolls of teleportation
 s - a scroll of amnesia {unknown}
 w - 2 scrolls of enchant armour {unknown}
 y - a scroll of magic mapping {unknown}
 B - 2 scrolls of fog {unknown}
 C - a scroll of blinking {unknown}
 E - a scroll of holy word {unknown}
Potions
 d - 3 potions of might
 h - 2 potions of cancellation {unknown}
 i - 3 potions of flight {unknown}
 j - 2 potions of degeneration {unknown}
 k - 4 potions of brilliance
 p - 5 potions of curing
 t - a potion of haste {unknown}
 v - a potion of magic {unknown}
 x - a potion of poison {unknown}
 z - a potion of berserk rage {unknown}
 D - a potion of heal wounds {unknown}
Comestibles
 e - 3 bread rations
 f - a meat ration
 u - a slice of pizza


   Skills:
 + Level 6.0 Fighting
 * Level 6.1 Maces & Flails
 + Level 5.2 Armour
 - Level 3.2 Shields


You had 6 spell levels left.
You didn't know any spells.

Dungeon Overview and Level Annotations

Branches:
Dungeon (4/15)
 Temple: D:4-7

Altars:
Elyvilon
Kikubaaqudgha
Trog


Innate Abilities, Weirdness & Mutations

You are resistant to torment.
Your stone body is resilient (AC +4).
You are immune to poison.
You resist negative energy.
You are resistant to electric shocks.
You can survive without breathing.
You are immune to petrification.
You are immune to rotting.


Message History

Pain shoots through your body!
* * * LOW HITPOINT WARNING * * *
Things that are here:
a dagger; a robe; an orc corpse You sock the orc priest!
The orc priest is almost dead.
The orc priest mumbles some strange prayers to Beogh against you.
Something smites you!
* * * LOW HITPOINT WARNING * * *
You closely miss the orc priest.
The orc priest is almost dead.
The orc priest barely misses you.
You closely miss the orc priest.
The orc priest is almost dead.
The orc priest looks braver for a moment.
You barely miss the orc priest.
The orc priest is almost dead.
The orc priest invokes the aid of Beogh against you.
Pain shoots through your body!
You die...

.......(..# #.#..####
.#[.########## #.#..# #
.#.. #.#..#### ...
#........ #.. ##....... #[.
#...#### .####.. #.......
...=...#############.######
#...oo@..........#
#..############### #.. #..
#.o ###


You could see an orc priest and an orc.

Vanquished Creatures
  2 wyvern zombies (Ossuary)
  4 bog bodies (Ossuary)
  A centaur zombie (Ossuary)
  3 giant frog zombies (Ossuary)
  An iguana (D:4)
  Ijyb (D:2)
  An orc wizard (D:4)
  A worker ant (D:4)
  A killer bee zombie (Ossuary)
  A hound skeleton (D:4)
  5 mummies (Ossuary)
  3 worker ant zombies (Ossuary)
  An adder (D:2)
  4 gnolls
  2 oozes
  2 adder zombies (Ossuary)
  2 worms (D:2)
  A giant gecko (D:1)
  2 orcs (D:4)
  11 bats
  3 giant cockroaches
  2 goblins (D:1)
  6 hobgoblins
  A jackal (D:3)
  6 quokkas
  2 giant gecko zombies (Ossuary)
  6 giant newts
  9 kobolds
  2 quokka zombies (Ossuary)
  6 rats
  A plant (Ossuary)
93 creatures vanquished.

Vanquished Creatures (others)
  7 plants (Ossuary)
7 creatures vanquished.

Grand Total: 100 creatures vanquished

Notes
Turn   | Place    | Note
--------------------------------------------------------------
     0 | D:1      | Zhenya25pyc the Gargoyle Fighter began the quest for the Orb.
     0 | D:1      | Reached XP level 1. HP: 14/14 MP: 1/1
   206 | D:1      | Reached XP level 2. HP: 19/19 MP: 2/2
   442 | D:1      | Reached XP level 3. HP: 19/23 MP: 3/3
   934 | D:2      | Noticed Ijyb
   954 | D:2      | Killed Ijyb
   954 | D:2      | Reached skill level 4 in Fighting
   954 | D:2      | Reached XP level 4. HP: 25/29 MP: 4/4
  1231 | D:2      | Found a white marble altar of Elyvilon.
  1373 | D:2      | Became a worshipper of Elyvilon the Healer
  1430 | D:2      | Reached XP level 5. HP: 27/33 MP: 5/5
  1670 | D:3      | Found a faded altar to an unknown god.
  1797 | D:3      | Found a bloodstained altar of Trog.
  2091 | D:3      | Reached * piety under Elyvilon
  2333 | D:4      | Found a sand-covered staircase.
  2350 | Ossuary  | Entered an ossuary
  2439 | Ossuary  | Reached XP level 6. HP: 4/40 MP: 6/6
  2490 | Ossuary  | Reached skill level 5 in Fighting
  2876 | Ossuary  | Reached skill level 5 in Maces & Flails
  2900 | Ossuary  | Reached XP level 7. HP: 25/44 MP: 7/7
  3062 | Ossuary  | Reached skill level 5 in Armour
  3711 | D:4      | Reached skill level 6 in Maces & Flails
  3890 | D:4      | Found an ancient bone altar of Kikubaaqudgha.
  4007 | D:4      | Killed from afar by an orc priest

Action                   |  1- 3 |  4- 6 |  7- 9 || total
-------------------------+-------+-------+-------++-------
Melee: Flail             |   142 |   201 |   103 ||   446
  Use: Scroll            |       |       |     4 ||     4
  Eat: Chunk             |       |     5 |     1 ||     6
       Meat ration       |       |     1 |       ||     1
